 Dungeon Crawl Stone Soup version 0.30-b1-2-g02819fbbbe (webtiles) character file.

Game seed: 16690215762034372051

73 redmage the Digger (level 4, -5/33 HPs)
             Began as a Meteoran Earth Elementalist on Aug 15, 2023.
             Slain by an ice beast (12 damage)
             ... on level 5 of the Dungeon.
             The game lasted 00:05:34 (699 turns).

redmage the Digger (Meteoran Earth Elementalist)     Turns: 699, Time: 00:05:35

Health: -5/33      AC:  3    Str: 10    XL:     4   Next: 81%
Magic:  6/10       EV: 12    Int: 18    God:
Gold:   65         SH:  0    Dex: 14    Spells: 4/10 levels left

rFire   . . .        (no weapon)
rCold   . . .        (no shield)
rNeg    . . .        a - +0 robe
rPois   .            (no helmet)
rElec   .            (no cloak)
rCorr   .            f - +0 pair of gloves
SInv    .            (no boots)
Will    .....        (no amulet)
Stlth   +            (no ring)
HPRegen 0.25/turn    (no ring)
MPRegen 0.12/turn

%: no passive effects
@: glowing
A: sense surroundings 1, otherworldly, glowing, explore regen
a: no special abilities


You were on level 5 of the Dungeon.
You visited 1 branch of the dungeon, and saw 5 of its levels.

You collected 65 gold pieces.

Inventory:

Armour
 a - a +0 robe (worn)
 f - a +0 pair of gloves (worn)
Scrolls
 d - a scroll of identify
 e - a scroll of teleportation
Potions
 b - a potion of magic
 c - 3 potions of curing
 g - a potion of ambrosia


   Skills:
 - Level 2.4 Dodging
 - Level 1.4 Stealth
 + Level 3.8 Spellcasting
 * Level 2.3 Conjurations
 - Level 1.2 Transmutations
 + Level 4.5 Earth Magic


You had 4 spell levels left.
You knew the following spells:

 Your Spells              Type           Power      Damage    Failure   Level
a - Sandblast             Erth           38%        2d10      2%          1
b - Passwall              Tmut/Erth      10%        N/A       7%          2
c - Stone Arrow           Conj/Erth      30%        3d8       11%         3

Your spell library contained the following spells:

 Spells                   Type           Power      Damage    Failure   Level
 Petrify                  Tmut/Erth      13%        N/A       41%         4


Dungeon Overview and Level Annotations

Branches:
Dungeon (5/15) Zot: 2279
 Temple: D:4-7

Altars:
Kikubaaqudgha


Innate Abilities, Weirdness & Mutations

You passively map a small area around you.
You are easily found by Zot.
You glow in the dark.
You regain HP and MP as you explore.


Message History

The ice beast hits you. The ice beast freezes you!
Unknown command.
Casting: Sandblast (safe; 2% risk of failure)
Confirm with . or Enter, or press ? or * to list all spells.
Aiming: Sandblast (safe; 2% risk of failure)
Press: ? - help, Shift-Dir - straight line, f/p - ice beast
Aim: an ice beast (82% to hit)
The blast of sand hits the ice beast but does no damage.
The ice beast closely misses you.
Unknown command.
Casting: Sandblast (safe; 2% risk of failure)
Confirm with . or Enter, or press ? or * to list all spells.
Aiming: Sandblast (safe; 2% risk of failure)
Press: ? - help, Shift-Dir - straight line, f/p - ice beast
Aim: an ice beast (82% to hit)
The blast of sand hits the ice beast.
The ice beast is lightly wounded.
The ice beast hits you. The ice beast freezes you!
* * * LOW HITPOINT WARNING * * *
The ice beast barely misses you.
Casting: Sandblast (safe; 2% risk of failure)
Confirm with . or Enter, or press ? or * to list all spells.
Aiming: Sandblast (safe; 2% risk of failure)
Press: ? - help, Shift-Dir - straight line, f/p - ice beast
Aim: an ice beast (lightly wounded, 82% to hit)
The blast of sand hits the ice beast but does no damage.
The ice beast is lightly wounded.
The ice beast barely misses you.
Unknown command.
Casting: Sandblast (safe; 2% risk of failure)
Confirm with . or Enter, or press ? or * to list all spells.
Aiming: Sandblast (safe; 2% risk of failure)
Press: ? - help, Shift-Dir - straight line, f/p - ice beast
Aim: an ice beast (lightly wounded, 82% to hit)
The blast of sand hits the ice beast!
The ice beast is heavily wounded.
The ice beast misses you. The ice beast hits you.
* * * LOW HITPOINT WARNING * * *
The ice beast freezes you!
You die...

, , * ,
#........... ,
, #..........,
#......... * ,
#........ ,
##.......,,,
#.......# *
+.....Y.# ,
#.....@.# ,
#.......#
#.......# ,
#.......# * *
* #........ ,
#.........
#.........
#.........<,,*


You could see an ice beast.

Vanquished Creatures
  An orc priest (D:3)
  2 adders
  A worm (D:2)
  A dart slug (D:4)
  3 orcs (D:3)
  2 ball pythons (D:2)
  An endoplasm (D:2)
  A giant cockroach (D:2)
  A goblin (D:2)
  A hobgoblin (D:2)
  A kobold (D:3)
  5 frilled lizards (D:1)
  3 rats
23 creatures vanquished.

Notes
Turn   | Place    | Note
-------+----------+-------------------------------------------
     0 | D:1      | redmage the Meteoran Earth Elementalist began the quest for
                  | the Orb.
     0 | D:1      | Reached XP level 1. HP: 14/14 MP: 5/5
   315 | D:1      | Reached XP level 2. HP: 20/20 MP: 4/6
   327 | D:2      | Learned a level 2 spell: Passwall
   380 | D:2      | Reached skill level 4 in Earth Magic
   381 | D:2      | Reached XP level 3. HP: 13/26 MP: 5/8
   385 | D:2      | Learned a level 3 spell: Stone Arrow
   432 | D:3      | Reached skill level 1 in Conjurations
   432 | D:3      | Reached XP level 4. HP: 33/33 MP: 5/10
   464 | D:2      | Found an ancient bone altar of Kikubaaqudgha.
   464 | D:2      | You fall into a shaft and drop 1 floor!
   489 | D:3      | Found an ancient bone altar of Kikubaaqudgha.
   633 | D:5      | Entered Level 5 of the Dungeon
   638 | D:5      | Noticed a black bear
   694 | D:5      | Noticed an ice beast
   699 | D:5      | Slain by an ice beast

Illustrated notes

Levels and vault maps discovered:
D:1:      saegor_arrival_under_anarchy, layout_basic, minmay_lizard_pond
D:2:      layout_loops_corners, basic_altar
D:3:      layout_loops_cross, kiku_gazebo_garden_becter,
          chequers_ecumenical_altar_simple_redux, chequers_garden,
          roderic_roman_lattice, uniq_sigmund, uniq_jessica
D:4:      minmay_wonky_spiral, layout_basic, mainiacjoe_overflow_alcove_4,
          lemuel_crystal_altar, mainiacjoe_overflow_tiny_flanked, uniq_duvessa,
          uniq_eustachio
D:5:      layout_gridville, general_overflow_altar

Skill      XL: |  1  2  3  4 |
---------------+-------------+-----
Spellcasting   | 3 |  3.8
Earth Magic    | 4 |  4.5
Conjurations   | 1 2 |  2.3
Dodging        | |  2.4
Stealth        | |  1.4
Transmutations | |  1.2

Action                     |  1- 3 |  4- 6 || total
---------------------------+-------+-------++-------
  Melee: Unarmed           |     1 |       ||     1
   Cast: Sandblast         |    16 |    20 ||    36
    Use: Scroll            |       |     4 ||     4
 Armour: Robe              |     1 |     3 ||     4
  Dodge: Dodged            |     3 |    12 ||    15
